 Dungeon Crawl Stone Soup version 0.24-a0-584-g9d6b971ae4 (webtiles) character file.

Game seed: 4968465850654305276, levelgen mode: deterministic

458 Mithandil the Shield-Bearer (level 6, -7/55 HPs)
             Began as a Minotaur Fighter on Sept 1, 2019.
             Mangled by Edmund
             ... wielding a +6 dire flail of holy wrath
              (11 damage)
             ... on level 4 of the Dungeon.
             The game lasted 00:12:40 (3075 turns).

Mithandil the Shield-Bearer (Minotaur Fighter)      Turns: 3075, Time: 00:12:42

Health: -7/55      AC:  8    Str: 22    XL:     6   Next: 77%
Magic:  6/6        EV:  9    Int:  5    God:
Gold:   144        SH: 10    Dex: 10    Spells: 6/7 levels left

rFire    . . .     SeeInvis +   a - +2 long sword
rCold    . . .     Gourm    .   c - +0 shield
rNeg     . . .     Faith    .   b - +0 scale mail
rPois    .         Spirit   .   (helmet restricted)
rElec    .         Reflect  .   (no cloak)
rCorr    .         Harm     .   (no gloves)
MR       .....     Rnd*Tele +   k - +0 pair of boots
Stlth    ..........             (no amulet)
HPRegen  0.18/turn              n - ring of teleportation (curse)
MPRegen  0.10/turn              o - ring of see invisible

@: no status effects
A: retaliatory headbutt, horns 2
a: no special abilities


You were on level 4 of the Dungeon.
You were not hungry.

You visited 1 branch of the dungeon, and saw 4 of its levels.

You collected 144 gold pieces.

Inventory:

Hand Weapons
 a - a +2 long sword (weapon)
 i - a +0 spear
 l - a +0 hunting sling
Missiles
 e - 170 stones (quivered)
 h - 35 bolts
 q - 8 boomerangs
Armour
 b - a +0 scale mail (worn)
 c - a +0 shield (worn)
 k - a +0 pair of boots (worn)
Magical Staves
 m - an uncursed staff of death
Jewellery
 n - a cursed ring of teleportation (left hand)
 o - a ring of see invisible (right hand)
Scrolls
 j - 3 scrolls of identify
 p - a scroll of amnesia
Potions
 d - a potion of might
Comestibles
 f - 6 rations
 g - a chunk of flesh


   Skills:
 + Level 4.8 Fighting
 * Level 5.0 Long Blades
 + Level 4.5 Armour
 + Level 2.3 Dodging
 * Level 5.7 Shields
 + Level 1.1 Spellcasting


You had 6 spell levels left.
You knew the following spells:

 Your Spells              Type           Power        Failure   Level  Hunger
a - Magic Dart            Conj           #...         99%         1    ##.....

Your spell library contained the following spells:

 Spells                   Type           Power        Failure   Level  Hunger
 Blink                    Tloc           N/A          99%         2    ###....
 Call Imp                 Summ           #.......     99%         2    ###....
 Slow                     Hex            #.......     99%         2    ###....
 Conjure Flame            Conj/Fire      #.......     100%        3    ####...
 Mephitic Cloud           Conj/Pois/Air  #.......     100%        3    ####...


Dungeon Overview and Level Annotations

Branches:
Dungeon (4/15)
 Temple: D:4-7

Altars:
Dithmenos

Shops:
D:4 :

Annotations:
D:4 Edmund


Innate Abilities, Weirdness & Mutations

You reflexively headbutt those who attack you in melee.
You have a pair of horns on your head.


Message History

Edmund hits you with a +6 dire flail of holy wrath.
* * * LOW HITPOINT WARNING * * *
You hit Edmund but do no damage.
Edmund is almost dead.
Edmund hits you but does no damage.
Your shield and scale mail prevent you from hitting Edmund.
You headbutt Edmund.
Edmund is almost dead.
Edmund closely misses you.
Your shield and scale mail prevent you from hitting Edmund.
Your headbutt misses Edmund.
Edmund is almost dead.
You block Edmund's attack.
You barely miss Edmund.
Edmund is almost dead.
Edmund gestures with his flail.
Edmund barely misses you.
You riposte.
You hit Edmund but do no damage.
Edmund is almost dead.
Edmund hits you with a +6 dire flail of holy wrath!
You die...

#.. ##..###. ..
##..## #. #.##
###..## ## #..#
##...## #
#..#####..### #
#..##...##
#..#...##
###.....##
#.@@..###
#.......#..#
............#
..............
>.............#
###
.......$.....##
#..
..............
....
...[..........
.... ....


You could see Edmund.

Vanquished Creatures
  Grinder (D:3)
  An orc priest (D:3)
  2 orc wizards (D:2)
  Terence (D:3)
  A worker ant (D:4)
  4 adders
  An ooze (D:1)
  3 worms
  4 dart slugs
  2 leopard geckos (D:1)
  5 orcs
  2 ball pythons
  11 bats
  4 giant cockroaches
  13 goblins
  5 hobgoblins
  7 jackals
  A quokka (D:3)
  3 kobolds (D:1)
  11 rats
82 creatures vanquished.

Notes
Turn   | Place    | Note
-------+----------+-------------------------------------------
     0 | D:1      | Mithandil the Minotaur Fighter began the quest for the Orb.
     0 | D:1      | Reached XP level 1. HP: 19/19 MP: 0/0
     2 | D:1      | Noticed a vine stalker
     4 | D:1      | Noticed an ogre
     4 | D:1      | Noticed an octopode
     6 | D:1      | Noticed a draconian
     6 | D:1      | Noticed a demigod
     8 | D:1      | Noticed a tengu
    10 | D:1      | Noticed a felid
    10 | D:1      | Noticed a centaur
    12 | D:1      | Noticed a troll
    14 | D:1      | Noticed a gargoyle
    14 | D:1      | Noticed a vampire
    16 | D:1      | Noticed a ghoul
    18 | D:1      | Noticed a minotaur
    18 | D:1      | Noticed a formicid
    20 | D:1      | Noticed a halfling
    20 | D:1      | Noticed a merfolk
    22 | D:1      | Noticed a spriggan
    22 | D:1      | Noticed a naga
    24 | D:1      | Noticed a human
    24 | D:1      | Noticed a dwarf
    26 | D:1      | Noticed a demonspawn
    26 | D:1      | Noticed an elf
    95 | D:1      | Reached XP level 2. HP: 27/27 MP: 1/1
   690 | D:1      | Reached XP level 3. HP: 31/33 MP: 2/2
  1272 | D:2      | Learned a level 1 spell: Magic Dart
  1466 | D:2      | Reached XP level 4. HP: 40/40 MP: 3/3
  1481 | D:2      | Reached skill level 1 in Dodging
  2071 | D:3      | Reached XP level 5. HP: 46/46 MP: 4/4
  2316 | D:4      | Found Ynoem's Book Boutique.
  2406 | D:3      | Reached skill level 5 in Shields
  2455 | D:3      | Noticed Grinder
  2460 | D:3      | Paralysed by Grinder for 4 turns
  2474 | D:3      | Paralysed by Grinder for 4 turns
  2482 | D:3      | Paralysed by Grinder for 4 turns
  2486 | D:3      | Killed Grinder
  2486 | D:3      | Reached skill level 1 in Spellcasting
  2486 | D:3      | Reached XP level 6. HP: 12/53 MP: 4/6
  2884 | D:3      | Noticed Terence
  2894 | D:3      | Killed Terence
  2894 | D:3      | Reached skill level 5 in Long Blades
  3022 | D:4      | Found a shadowy altar of Dithmenos.
  3057 | D:4      | Noticed Edmund
  3075 | D:4      | Mangled by Edmund

Levels and vault maps discovered:
D:1:      kb_arrival_jail, layout_basic, serial_rivers,
          chequers_serial_rivers_room_b, chequers_serial_rivers_micro_e,
          chequers_serial_rivers_room_a, chequers_serial_rivers_micro_e,
          chequers_serial_rivers_micro_e, chequers_serial_rivers_large_a
D:2:      layout_basic
D:3:      layout_rooms, first_ration, uniq_terence, uniq_grinder
D:4:      layout_cave_pods, serial_shops,
          nicolae_shop_temple_entry_statues_fountains, kennysheep_mini_moat,
          shop, nicolae_shop_overgrown_old_shop,
          grunt_dithmenos_smoke_and_mirrors, uniq_purgy, uniq_edmund,
          uniq_natasha

Skill      XL: |  1  2  3  4  5  6 |
---------------+-------------------+-----
Shields        | 4 5 |  5.7
Long Blades    | 3 4 5 |  5.0
Fighting       | 4 |  4.8
Dodging        | 1 2 |  2.3
Armour         | 4 |  4.5
Spellcasting   | 1 |  1.1

Action                   |  1- 3 |  4- 6 || total
-------------------------+-------+-------++-------
Melee: Long sword        |    91 |   134 ||   225
       Headbutt          |    15 |    28 ||    43
  Use: Scroll            |     4 |     6 ||    10
       Potion            |     4 |     3 ||     7
  Eat: Chunk             |     2 |     5 ||     7
Armor: Scale mail        |    37 |    73 ||   110
Dodge: Dodged            |    32 |    42 ||    74
Block: Shield            |    59 |    69 ||   128
       Rpst.: Long sword |     6 |    13 ||    19

Table legend:
 A = Non-vault XP
 B = Vault XP
 C = Vault XP percentage of total XP
 D = Non-vault monster count
 E = Vault monster count
 F = Vault count percentage of total count
                 A         B        C        D         E       F
            +---------+---------+-------+---------+---------+-------
      Total |     352 |     303 |  46.3 |      80 |       2 |   2.4
            +---------+---------+-------+---------+---------+-------
        D:1 |      51 |       0 |   0.0 |      24 |       0 |   0.0
        D:2 |     134 |       0 |   0.0 |      26 |       0 |   0.0
        D:3 |     120 |     303 |  71.6 |      28 |       2 |   6.7
        D:4 |      47 |       0 |   0.0 |       2 |       0 |   0.0
            +---------+---------+-------+---------+---------+-------
